AoeStats
← Navix de los Bosques de Lituania

Arabia

504359260Analyzed
2v2 RM · 27d ago on Sep 5, 2026· 18m 18s· 4 players
Game mode
Random Map
Map size
Medium (4 player)
Population
200
Speed
Normal
Resources
Standard
Victory
Conquest
Starting age
Dark Age
Ending age
Imperial Age
RankedLock teamsTeams togetherTeam positionsShared explorationLock speedFull tech treeHidden civsTurbo modeCheats
Victory
Defeat
🇨🇴 Persians · Colombia
716
+18
694
+19
🇵🇪 Khmer · Peru
781
-45
🇨🇳 Vikings · China
738
-18
Navix de los Bosques de Lituania
5:51 Loom
12:31 Feudal Age
12:38 Man-at-Arms
13:03 Arson
14:01 Scale Mail Armor
14:12 Forging
14:32 Long Swordsman
Derzer
9:29 Feudal Age
lycandros
9:39 Feudal Age
好歌剧
9:54 Feudal Age
10:55 Double-Bit Axe
11:42 Man-at-Arms
13:41 Scale Mail Armor
14:33 Horse Collar
17:02 Gold Mining
17:06 Arson
Connection lost

Rejoining the realm…

Still unreachable

The connection could not be restored.

Session expired

The server has moved on; the page needs a fresh start.